 Dungeon Crawl Stone Soup version 0.31-a0-703-gcfe89afef6 (webtiles) character file.

Game seed: 3501124330384545477

70 cforsyth the Trooper (level 4, -10/37 HPs)
             Began as a Djinni Chaos Knight on Sept 8, 2023.
             Was a Plaything of Xom.
             Killed from afar by Natasha (11 damage)
             ... with a magic dart
             ... on level 2 of the Dungeon.
             The game lasted 00:02:54 (1459 turns).

cforsyth the Trooper (Djinni Chaos Knight)          Turns: 1459, Time: 00:02:55

Health: -10/37     AC:  7    Str: 11    XL:     4   Next: 44%
Gold:   63         EV: 11    Int: 16    God:    Xom [...*..] SH:  0 Dex: 12

rFire   + + .        a - +0 falchion (chaos)
rCold   x . .        (no shield)
rNeg    . . .        b - +2 leather armour
rPois   ∞            (no helmet)
rElec   .            l - +0 cloak
rCorr   .            k - +0 pair of gloves
SInv    .            (boots unavailable)
Will    .....        (no amulet)
Stlth   +            (no ring)
HPRegen 0.26/turn    (no ring)
MPRegen 0.00/turn

%: infuse magic (-11 HP)
@: flying, hasted and slowed
A: sickness immunity, fire resistance 2, cold vulnerability 1, float, innate
caster, HP casting, extra vitality 1
a: Renounce Religion


You were on level 2 of the Dungeon.
You worshipped Xom.
You were a favourite toy of Xom.
You visited 1 branch of the dungeon, and saw 3 of its levels.

You collected 63 gold pieces.

Inventory:

Hand Weapons
 a - a +0 falchion of chaos (weapon)
Armour
 b - a +2 leather armour (worn)
 k - a +0 pair of gloves (worn)
 l - a +0 cloak (worn)
Scrolls
 c - a scroll of butterflies
 d - 2 scrolls of vulnerability {unknown}
 e - a scroll of enchant armour {unknown}
 f - a scroll of teleportation {unknown}
 g - a scroll of blinking {unknown}
 h - a scroll of identify {unknown}
 i - a scroll of noise {unknown}
Potions
 j - a potion of haste


   Skills:
 + Level 4.0 Fighting
 - Level 2.6 Long Blades
 - Level 1.0 Armour
 - Level 2.1 Dodging
 + Level 1.7 Spellcasting
 + Level 1.7 Conjurations
 + Level 1.7 Hexes
 + Level 1.7 Summonings
 + Level 1.7 Necromancy
 + Level 1.7 Translocations
 + Level 1.7 Transmutations
 + Level 1.7 Fire Magic
 + Level 1.7 Ice Magic
 + Level 1.7 Air Magic
 + Level 1.7 Earth Magic
 + Level 1.7 Poison Magic


You knew the following spells:

 Your Spells              Type           Power      Damage    Failure   Level
a - Foxfire               Conj/Fire      24%        2x1d5     14%         1
Your spell library was empty.

Dungeon Overview and Level Annotations

Branches:
Dungeon (3/15)

Altars:

Shops:
D:2 (

Annotations:
D:2 Natasha


Innate Abilities, Weirdness & Mutations

You are immune to sickness and miasma.
You are immune to poison.
Your flesh is very heat resistant. (rF++)
You are vulnerable to cold. (rC-)
You float through the air rather than walking.
You learn spells naturally, not from books.
Your magical power is your life essence.
You have superior vitality. (+4 MHP)


Message History

Natasha casts a spell at you. The magic dart hits you.
You closely miss Natasha. Natasha barely misses you. x2
You hit Natasha.
Natasha is moderately wounded.
Natasha closely misses you. Natasha barely misses you.
You closely miss Natasha.
Natasha is moderately wounded.
Natasha claws you but does no damage.
You barely miss Natasha.
Natasha is moderately wounded.
Natasha howls an incantation.
You feel disoriented. Natasha claws you.
Natasha casts a spell.
You slash Natasha!
Natasha is severely wounded.
Natasha misses you.
The cerulean imp hits you with a +2 spear.
Natasha barely misses you.
You barely miss Natasha.
Natasha is severely wounded.
The cerulean imp hits you but does no damage.
Natasha casts a spell at you. The magic dart hits you!
* * * LOW HITPOINT WARNING * * *
The cerulean imp closely misses you. Natasha claws you but does no damage.
You closely miss Natasha.
Natasha is heavily wounded.
The cerulean imp hits you with a +2 spear.
* * * LOW HITPOINT WARNING * * *
Natasha claws you!
* * * LOW HITPOINT WARNING * * *
The cerulean imp closely misses you.
It was a potion of haste.
You feel yourself speed up. Natasha casts a spell at you.
The magic dart hits you!
You die...
Natasha curls up and begins to purr.
Xom snickers!

........# ##.#######.#.##.##.
###.#####
#####...#..............
#.#######.........####......###
#.........†.#...#.#####.###.#
#########.#.##..#.##........#
#.#....(.....##>#####
#.####..#.......#
#.....<5######### #########@##
#......##h# #.####.##.###
#...........#
######.####....#.############
###...........................#
#........###.......##########.#
#.#.###..####......# #.# #.#.#
#............# #####.###


You could see Natasha and a cerulean imp (summoned).

Vanquished Creatures
  2 adders (D:2)
  A worm (D:2)
  2 dart slugs (D:2)
  3 ball pythons
  5 endoplasms
  4 giant cockroaches
  3 goblins (D:2)
  6 hobgoblins
  2 kobolds
  2 quokkas
  7 bats
  A frilled lizard (D:1)
  A rat (D:1)
39 creatures vanquished.

Notes
Turn   | Place    | Note
-------+----------+-------------------------------------------
     0 | D:1      | cforsyth the Djinni Chaos Knight began the quest for the
                  | Orb.
     0 | D:1      | Reached XP level 1. HP: 20/20 MP: 0/0
   122 | D:1      | Reached XP level 2. HP: 25/25 MP: 0/0
   139 | D:1      | XOM: silly message
   213 | D:1      | Reached skill level 1 in Spellcasting
   213 | D:1      | Reached skill level 1 in Conjurations
   213 | D:1      | Reached skill level 1 in Hexes
   213 | D:1      | Reached skill level 1 in Summonings
   213 | D:1      | Reached skill level 1 in Necromancy
   213 | D:1      | Reached skill level 1 in Translocations
   213 | D:1      | Reached skill level 1 in Transmutations
   213 | D:1      | Reached skill level 1 in Fire Magic
   213 | D:1      | Reached skill level 1 in Ice Magic
   213 | D:1      | Reached skill level 1 in Air Magic
   213 | D:1      | Reached skill level 1 in Earth Magic
   213 | D:1      | Reached skill level 1 in Poison Magic
   325 | D:1      | Upgraded the game from 0.31-a0-702-gf82c85558f to
                  | 0.31-a0-703-gcfe89afef6
   414 | D:1      | Reached XP level 3. HP: 30/30 MP: 0/0
   414 | D:1      | Learned a level 1 spell: Foxfire
   461 | D:2      | Found a faded altar of an unknown god.
   505 | D:2      | Found Kuda's Weapon Emporium.
   720 | D:2      | XOM: silly message
   752 | D:2      | Reached XP level 4. HP: 32/37 MP: 0/0
  1136 | D:2      | Reached skill level 4 in Fighting
  1444 | D:3      | Noticed Natasha
  1458 | D:2      | HP: 1/37 [Natasha (7)]
  1459 | D:2      | Killed from afar by Natasha

Illustrated notes

Levels and vault maps discovered:
D:1:      dpeg_arrival_prison, layout_basic
D:2:      layout_loops_corners, chequers_ecumenical_altar_simple_redux,
          serial_shops, nicolae_shop_bloodbath_and_beyond
D:3:      layout_rooms, grunt_ministairs_3, uniq_natasha

Skill      XL: |  1  2  3  4 |
---------------+-------------+-----
Spellcasting   | 1 |  1.7
Conjurations   | 1 |  1.7
Hexes          | 1 |  1.7
Summonings     | 1 |  1.7
Necromancy     | 1 |  1.7
Translocations | 1 |  1.7
Transmutations | 1 |  1.7
Fire Magic     | 1 |  1.7
Ice Magic      | 1 |  1.7
Air Magic      | 1 |  1.7
Earth Magic    | 1 |  1.7
Poison Magic   | 1 |  1.7
Fighting       | 4 |  4.0
Long Blades    | |  2.6
Armour         | |  1.0
Dodging        | |  2.1

Action                     |  1- 3 |  4- 6 || total
---------------------------+-------+-------++-------
  Melee: Falchion          |    65 |    35 ||   100
    Use: Potion            |       |     1 ||     1
 Armour: Leather armour    |    42 |    28 ||    70
  Dodge: Dodged            |    49 |    21 ||    70

Table legend: (Time is in decaauts)
 A = Elapsed time spent in this place.
 B = Non-inter-level travel time spent in this place.
 C = Inter-level travel time spent in this place.
 D = Time resting spent in this place.
 E = Time spent auto-exploring this place.
 F = Levels seen in this place.
 G = Mean time per level.
                   A        B        C        D        E       F      G
               +--------+--------+--------+--------+--------+-----+--------+
         Total |   1481 |   1382 |     99 |      0 |   1127 |   3 |  493.7 |
       Dungeon |   1481 |   1382 |     99 |      0 |   1127 |   3 |  493.7 |
               +--------+--------+--------+--------+--------+-----+--------+

Top non-repeatable levels by time:
     D:2: 1010 daAuts
     D:1: 468 daAuts
     D:3: 1 daAuts
